 Dungeon Crawl Stone Soup version 0.31-a0-233-g139696dc86 (webtiles) character file.

Game seed: 13445690687581838392

357 qw the Shooter (level 6, -1/38 HPs)
             Began as a Gargoyle Hexslinger on July 9, 2023.
             Was a Follower of Okawaru.
             Frozen to death by an endoplasm (5 damage)
             ... on level 4 of the Dungeon.
             The game lasted 00:01:11 (2347 turns).

qw the Shooter (Gargoyle Hexslinger)                Turns: 2347, Time: 00:01:12

Health: -1/38      AC: 12    Str: 12    XL:     6   Next: 64%
Magic:  7/7        EV: 10    Int: 15    God:    Okawaru [*.....]
Gold:   1301       SH:  0    Dex: 14    Spells: 6/7 levels left

rFire   . . .        c - +2 shortbow (heavy)
rCold   . . .        (shield currently unavailable)
rNeg    + . .        g - +0 ring mail
rPois   inf          (no helmet)
rElec   +            a - +2 cloak of Spite {Int+2 SInv}
rCorr   .            (no gloves)
SInv    +            (no boots)
Will    .....        (no amulet)
Stlth   +            (no ring)
HPRegen 0.26/turn    (no ring)
MPRegen 0.10/turn

%: no passive effects
@: no status effects
A: sickness immunity, AC +4, negative energy resistance 1, electricity
resistance, torment resistance 1, petrification resistance
a: Renounce Religion, Heroism


You were on level 4 of the Dungeon.
You worshipped Okawaru.
Okawaru was aware of your devotion.
You visited 1 branch of the dungeon, and saw 4 of its levels.

You collected 1301 gold pieces.


Innate Abilities, Weirdness & Mutations

You are immune to sickness and miasma.
Your stone body is resilient. (AC +4)
You are immune to poison.
You resist negative energy. (rN+)
You are resistant to electric shocks. (rElec)
You are resistant to unholy torment.
You are immune to petrification.


   Skills:
 - Level 4.0 Fighting
 + Level 5.6 Ranged Weapons
 - Level 1.0 Armour
 - Level 1.5 Dodging
 - Level 1.0 Spellcasting
 - Level 2.6 Hexes
 + Level 0.0 Invocations


You had 6 spell levels left.
You knew the following spells:

 Your Spells              Type           Power      Damage    Failure   Level
a - Slow                  Hex            32%        N/A       19%         1

Your spell library contained the following spells:

 Spells                   Type           Power      Damage    Failure   Level
 Inner Flame              Hex/Fire       4%         N/A       67%         3
 Portal Projectile        Hex/Tloc       8%         N/A       67%         3
 Cause Fear               Hex            4%         N/A       88%         4

Inventory:

Hand Weapons
 c - a +2 heavy shortbow (weapon)
Armour
 a - the +2 cloak of Spite (worn) {Int+2 SInv}
   (You acquired it on level 1 of the Dungeon)

   Int:       It affects your intelligence (+2).
   SInv:      It lets you see invisible.
 g - a +0 ring mail (worn)
Scrolls
 f - a scroll of identify
 j - a scroll of brand weapon
Potions
 b - a potion of brilliance {unknown}
 d - 2 potions of curing
 e - a potion of berserk rage {unknown}
 h - a potion of mutation
 k - a potion of heal wounds {unknown}
 l - a potion of ambrosia {unknown}

Dungeon Overview and Level Annotations

Branches:
Dungeon (4/15)
 Temple: D:4-7

Altars:
Dithmenos
Okawaru
Wu Jian

Annotations:
D:3 1 runed translucent door, qw's ghost, amateur GrHs


Message History

You shoot an arrow. The arrow barely misses the hound.
The hound bites you but does no damage. x2; The orc hits you with a +0 flail!
The hound bites you.
You shoot an arrow. The arrow hits the hound!
The hound is severely wounded.
The hound bites you but does no damage. The orc hits you but does no damage.
The hound bites you but does no damage. The orc hits you but does no damage.
The hound barely misses you.
You shoot an arrow. The arrow hits the hound.
The hound is almost dead.
The hound closely misses you. The orc hits you with a +0 flail.
The hound bites you but does no damage. The orc hits you but does no damage.
The hound bites you but does no damage.
You shoot an arrow. The arrow closely misses the hound.
The hound bites you but does no damage. The orc hits you but does no damage.
The hound bites you but does no damage. The orc hits you but does no damage.
You shoot an arrow. The arrow hits the hound.
You kill the hound!
Okawaru accepts your kill. The orc hits you with a +0 flail.
An endoplasm comes into view.
The orc hits you but does no damage.
2343 ||| READING scroll of teleportation.
As you read the scroll of teleportation, it crumbles to dust.
You feel strangely unstable.
The endoplasm quivers.
The orc hits you with a +0 flail.
You shoot an arrow. The arrow hits the orc!
You kill the orc!
Okawaru accepts your kill.
You can now gain great but temporary skills.
2345 ||| FLEEEEING.
An orc priest comes into view. It is wielding a +0 short sword.
2346 ||| FLEEEEING.
2347 ||| FLEEEEING.
Your surroundings seem slightly different.
The orc priest shouts!
The endoplasm freezes you.
You are frozen.
You die...

.# .### .o#
#)# #.#
..#.# #.#.#
#.#J# #.#@#
#.#.# #.#.#
#######.#ยค#
..........#
#######.###
##.## #...#
##### #.#.#


You could see an orc priest and an endoplasm.

Vanquished Creatures
  Edmund (D:4)
  An orc priest (D:4)
  A hound (D:4)
  A centaur skeleton (D:3)
  An iguana (D:3)
  An orc wizard (D:4)
  A hound zombie (D:3)
  A hound skeleton (D:3)
  An adder (D:2)
  A worm (D:2)
  3 dart slugs
  2 orcs
  9 ball pythons
  5 bats
  2 giant cockroaches (D:4)
  13 goblins
  5 hobgoblins
  4 quokkas
  A ball python zombie (D:3)
  2 frilled lizards (D:1)
  5 kobolds
  A quokka skeleton (D:3)
  9 rats
71 creatures vanquished.

Notes
Turn   | Place    | Note
-------+----------+-------------------------------------------
     0 | D:1      | qw the Gargoyle Hexslinger began the quest for the Orb.
     0 | D:1      | Reached XP level 1. HP: 12/12 MP: 2/2
     0 | D:1      | 0 ||| qw: Version: 0.3-a-51-g015441d
     0 | D:1      | 0 ||| qw: Game counter: 3870
     0 | D:1      | 0 ||| qw: Melee chars always use a shield: true
     0 | D:1      | 0 ||| qw: God list: Okawaru
     0 | D:1      | 0 ||| qw: Allow faded altars: false
     0 | D:1      | 0 ||| qw: Do Orc after clearing Dungeon:15 true
     0 | D:1      | 0 ||| qw: Do second Lair branch before Depths: true
     0 | D:1      | 0 ||| qw: Lair rune preference: random
     0 | D:1      | 0 ||| qw: Goals: Normal
     0 | D:1      | 0 ||| PLANNING D:1-11
    58 | D:1      | Reached XP level 2. HP: 16/16 MP: 3/3
   163 | D:1      | Reached skill level 3 in Ranged Weapons
   300 | D:1      | Reached XP level 3. HP: 21/21 MP: 4/4
   611 | D:1      | 611 ||| UPGRADING to +0 ring mail.
   621 | D:1      | 621 ||| DROPPING +0 robe.
   622 | D:1      | 622 ||| READING 3 scrolls labelled WOLEOMOGER.
   622 | D:1      | Identified 3 scrolls of acquirement
   622 | D:1      | 622 ||| ACQUIRING 1033 gold pieces
   622 | D:1      | Acquired 1033 gold pieces
   623 | D:1      | 623 ||| READING 2 scrolls of acquirement.
   623 | D:1      | 623 ||| ACQUIRING +2 heavy shortbow
   623 | D:1      | Acquired a +2 heavy shortbow
   624 | D:1      | 624 ||| READING scroll of acquirement.
   624 | D:1      | 624 ||| ACQUIRING +2 cloak of Spite {Int+2 SInv}
   624 | D:1      | Acquired the +2 cloak of Spite {Int+2 SInv}
   626 | D:1      | 626 ||| SWAPPING to +2 heavy shortbow.
   627 | D:1      | 627 ||| UPGRADING to +2 cloak of Spite {Int+2 SInv}.
   632 | D:1      | 632 ||| DROPPING +1 sling.
   633 | D:1      | 633 ||| READING 2 scrolls labelled XEDDIS DAYCWIOR.
   634 | D:1      | 634 ||| READING 2 scrolls labelled KANURU LEUFREI.
   635 | D:1      | 635 ||| READING scroll labelled VAECKYOTZO.
   636 | D:1      | 636 ||| READING scroll labelled XUSHRIV ZAOZEJA.
   637 | D:1      | 637 ||| DROPPING scroll of poison.
   638 | D:1      | 638 ||| DROPPING scroll of fog.
   795 | D:2      | Reached skill level 1 in Armour
   997 | D:2      | 997 ||| DROPPING amulet of magic regeneration.
   998 | D:2      | 998 ||| READING 2 scrolls labelled NYRESO HAETUO.
   999 | D:2      | 999 ||| DRINKING 2 murky orange potions.
  1000 | D:2      | 1000 ||| READING 3 scrolls of identify.
  1000 | D:2      | 1000 ||| IDENTIFYING yellow potion
  1001 | D:2      | 1001 ||| READING 2 scrolls of identify.
  1001 | D:2      | 1001 ||| IDENTIFYING blue potion
  1002 | D:2      | 1002 ||| DROPPING potion of degeneration.
  1003 | D:2      | 1003 ||| DROPPING scroll of fear.
  1023 | D:3      | Found a shadowy altar of Dithmenos.
  1032 | D:3      | Reached XP level 4. HP: 26/26 MP: 5/5
  1069 | D:3      | Found an iron altar of Okawaru.
  1070 | D:3      | 1070 ||| PLANNING OKAWARU WORSHIP
  1075 | D:3      | Became a worshipper of Warmaster Okawaru
  1076 | D:3      | 1076 ||| PLANNING D:1-11
  1117 | D:3      | Reached skill level 4 in Ranged Weapons
  1150 | D:3      | Reached XP level 5. HP: 30/30 MP: 6/6
  1180 | D:3      | Found a faded altar of an unknown god.
  1324 | D:3      | Found an ornate altar of the Wu Jian Council.
  1463 | D:3      | 1463 ||| FLEEEEING.
  1465 | D:3      | 1465 ||| FLEEEEING.
  1467 | D:3      | 1467 ||| FLEEEEING.
  1485 | D:3      | Reached skill level 5 in Ranged Weapons
  1649 | D:3      | Found a runed translucent door.
  1649 | D:3      | Noticed qw's ghost (amateur GrHs)
  1860 | D:4      | Noticed Edmund
  1870 | D:4      | Killed Edmund
  1871 | D:4      | Reached XP level 6. HP: 25/38 MP: 7/7
  2133 | D:4      | 2133 ||| FLEEEEING.
  2145 | D:4      | 2145 ||| FLEEEEING.
  2146 | D:4      | 2146 ||| FLEEEEING.
  2147 | D:4      | 2147 ||| FLEEEEING.
  2151 | D:4      | 2151 ||| FLEEEEING.
  2152 | D:4      | 2152 ||| FLEEEEING.
  2153 | D:4      | 2153 ||| FLEEEEING.
  2154 | D:4      | 2154 ||| FLEEEEING.
  2160 | D:4      | 2160 ||| FLEEEEING.
  2161 | D:4      | 2161 ||| FLEEEEING.
  2162 | D:4      | 2162 ||| FLEEEEING.
  2163 | D:4      | 2163 ||| FLEEEEING.
  2164 | D:4      | 2164 ||| FLEEEEING.
  2165 | D:4      | 2165 ||| FLEEEEING.
  2166 | D:4      | 2166 ||| FLEEEEING.
  2167 | D:4      | 2167 ||| FLEEEEING.
  2168 | D:4      | 2168 ||| FLEEEEING.
  2171 | D:4      | 2171 ||| STAIRDANCE
  2215 | D:3      | 2215 ||| READING scroll labelled PEMIFUAGEU.
  2216 | D:3      | 2216 ||| READING scroll labelled AHOC ADGHEUS.
  2323 | D:4      | 2323 ||| Stepping ~*~*~tactically~*~*~ (outnumbered).
  2331 | D:4      | 2331 ||| FLEEEEING.
  2342 | D:4      | HP: 7/38 [orc/+0 flail (3)]
  2343 | D:4      | 2343 ||| READING scroll of teleportation.
  2343 | D:4      | HP: 3/38 [orc/+0 flail (5)]
  2344 | D:4      | Reached * piety under Okawaru
  2345 | D:4      | 2345 ||| FLEEEEING.
  2346 | D:4      | 2346 ||| FLEEEEING.
  2347 | D:4      | 2347 ||| FLEEEEING.
  2347 | D:4      | Frozen to death by an endoplasm

Levels and vault maps discovered:
D:1:      minmay_arrival_checkered_box, layout_basic
D:2:      layout_rooms
D:3:      layout_basic, mainiacjoe_overflow_paths,
          mainiacjoe_overflow_boulevard, amcnicky_altar_gilded,
          shapermc_ecumenical_altar_notcrosses, serial_undead, serial_undead_a,
          serial_undead_f, serial_undead_a, serial_undead_a,
          gammafunk_ghost_grave, wad_rectangle_vault
D:4:      layout_loops_ring, lemuel_doored_altar, uniq_edmund

Skill      XL: |  1  2  3  4  5 |
---------------+----------------+-----
Ranged Weapons | 3 4 5 |  5.6
Fighting       | 2 4 |  4.0
Armour         | 1 |  1.0
Dodging        | |  1.5
Spellcasting   | |  1.0
Hexes          | |  2.6

Action                     |  1- 3 |  4- 6 || total
---------------------------+-------+-------++-------
   Fire: Sling             |    67 |       ||    67
         Shortbow          |    33 |    85 ||   118
    Use: Scroll            |    10 |     3 ||    13
         Potion            |     1 |       ||     1
 Armour: Robe              |     7 |       ||     7
         Ring mail         |     9 |    34 ||    43
  Dodge: Dodged            |    19 |    38 ||    57

Table legend:
 A = Non-vault XP
 B = Vault XP
 C = Vault XP percentage of total XP
 D = Non-vault monster count
 E = Vault monster count
 F = Vault count percentage of total count
                 A         B        C        D         E       F
            +---------+---------+-------+---------+---------+-------
      Total |     265 |     246 |  48.1 |      59 |      12 |  16.9
            +---------+---------+-------+---------+---------+-------
        D:1 |      41 |       0 |   0.0 |      23 |       0 |   0.0
        D:2 |      37 |       0 |   0.0 |      13 |       0 |   0.0
        D:3 |      53 |      92 |  63.4 |      11 |      11 |  50.0
        D:4 |     134 |     154 |  53.5 |      12 |       1 |   7.7
            +---------+---------+-------+---------+---------+-------
